 Dungeon Crawl Stone Soup version 0.24-a0-583-g87330a484a (webtiles) character file.

Game seed: 3739172522335807956, levelgen mode: deterministic

54714 Peloso the Fencer (level 14, -2/126 HPs)
             Began as a Minotaur Fighter on Aug 28, 2019.
             Was the Champion of Okawaru.
             Slain by a death yak (7 damage)
             ... while petrified by you
             ... on level 6 of the Lair of Beasts.
             The game lasted 00:49:25 (24081 turns).

Peloso the Fencer (Minotaur Fighter)               Turns: 24081, Time: 00:49:26

Health: -2/126     AC: 20    Str: 27    XL:     14   Next: 35%
Magic:  15/15      EV:  2    Int: 11    God:    Okawaru [******]
Gold:   699        SH:  0    Dex: 25    Spells: 13/13 levels left

rFire    . . .     SeeInvis .   a - +6 double sword of Valiance {freeze, *Contam Int+6 Dex+8 Stlth-}
rCold    . . .     Gourm    .   c - +1 shield
rNeg     + + +     Faith    .   R - +0 plate armour
rPois    ∞         Spirit   .   (helmet restricted)
rElec    .         Reflect  .   G - scarf {repulsion}
rCorr    +         Harm     .   d - +2 pair of gloves
MR       ++...                  (no boots)
Stlth    ..........             (no amulet)
HPRegen  0.31/turn              D - ring "Inuas" {MR+ Str+4 Dex+4}
MPRegen  0.14/turn              x - ring of resist corrosion

@: petrified, repel missiles
A: retaliatory headbutt, horns 2
a: Heroism, Finesse, Renounce Religion


You were on level 6 of the Lair of Beasts.
You worshipped Okawaru.
Okawaru was exalted by your worship.
You were hungry.

You visited 2 branches of the dungeon, and saw 17 of its levels.

You collected 1235 gold pieces.
You spent 536 gold pieces at shops.

Inventory:

Hand Weapons
 a - the +6 double sword of Valiance (weapon) {freeze, *Contam Int+6 Dex+8 Stlth-}
   (Okawaru gifted it to you on level 2 of the Lair of Beasts)

   It has been specially enchanted to freeze those struck by it, causing extra
   injury to most foes and up to half again as much damage against particularly
   susceptible opponents.
   It can also slow down cold-blooded creatures.
   It affects your intelligence (+6).
   It affects your dexterity (+8).
   It causes magical contamination when unequipped.
   It makes you less stealthy.
 b - a +2 scimitar of flaming
 M - the +6 great sword of Sharkskin {holy, rElec Stlth+, unknown}
   (You found it on level 11 of the Dungeon)

   It has been blessed by the Shining One to cause great damage to the undead
   and demons.
   It insulates you from electricity.
   It makes you more stealthy.
 Q - the +5 scimitar of the Foot {freeze, rElec MR+ Str-4 Int+3}
   (You found it on level 7 of the Dungeon)

   It has been specially enchanted to freeze those struck by it, causing extra
   injury to most foes and up to half again as much damage against particularly
   susceptible opponents.
   It can also slow down cold-blooded creatures.
   It affects your strength (-4).
   It affects your intelligence (+3).
   It insulates you from electricity.
   It affects your resistance to hostile enchantments.
 T - a +2 vampiric falchion
Armour
 c - a +1 shield (worn)
 d - a +2 pair of gloves (worn)
 n - a +0 cloak
 G - a scarf of repulsion (worn)
 R - a +0 plate armour (worn)
Jewellery
 o - an uncursed ring of flight
 x - a ring of resist corrosion (right hand)
 D - the ring "Inuas" (left hand) {MR+ Str+4 Dex+4}
   (You bought it in a shop on level 4 of the Dungeon)

   [ring of protection from magic]

   It affects your strength (+4).
   It affects your dexterity (+4).
   It affects your resistance to hostile enchantments.
 F - an uncursed amulet of faith {unknown}
 J - an uncursed ring of ice
 N - an uncursed ring of protection from magic
 U - an uncursed ring of protection from magic
Wands
 e - a wand of acid (5)
 l - a wand of polymorph (43)
 w - a wand of scattershot (3)
 A - a wand of paralysis (4)
 B - a wand of flame (17)
 C - a wand of iceblast (10)
 P - a wand of disintegration (14)
Scrolls
 g - 9 scrolls of remove curse
 h - a scroll of fog
 j - 2 scrolls of blinking
 m - 3 scrolls of teleportation
 q - 4 scrolls of enchant weapon
 s - 7 scrolls of magic mapping
 t - 3 scrolls of identify
 v - 8 scrolls of enchant armour
 y - 2 scrolls of fear
 z - 4 scrolls of immolation {unknown}
 E - a scroll of summoning
 H - 3 scrolls of amnesia {unknown}
 O - a scroll of noise {unknown}
Potions
 i - 3 potions of flight
 k - 4 potions of ambrosia
 p - 5 potions of brilliance
 r - 2 potions of cancellation
 u - 4 potions of curing
 K - a potion of might
 L - a potion of berserk rage
 W - a potion of haste
Miscellaneous
 I - a fan of gales
 S - a phial of floods
Comestibles
 f - 33 rations


   Skills:
 + Level 12.1 Fighting
 + Level 16.5 Long Blades
   Level 1.5 Maces & Flails
 + Level 14.3 Armour
 + Level 3.0 Dodging
 + Level 1.3 Stealth
 + Level 15.5 Shields
 + Level 3.1 Invocations


You had 13 spell levels left.
You didn't know any spells.
Your spell library contained the following spells:

 Spells                   Type           Power        Failure   Level  Hunger
 Animate Skeleton         Necr           N/A          93%         1    ##.....
 Apportation              Tloc           #.....       93%         1    ##.....
 Confusing Touch          Hex            #.....       93%         1    ##.....
 Magic Dart               Conj           #...         93%         1    ##.....
 Sandblast                Erth           #.....       93%         1    ##.....
 Summon Small Mammal      Summ           #...         93%         1    ##.....
 Call Imp                 Summ           #.......     98%         2    ###....
 Passwall                 Tmut/Erth      #.......     98%         2    ###....
 Searing Ray              Conj           #.....       98%         2    ###....
 Call Canine Familiar     Summ           #.......     100%        3    ####...
 Dazzling Spray           Conj/Hex       #.....       100%        3    ####...
 Stone Arrow              Conj/Erth      #.....       100%        3    ####...
 Summon Guardian Golem    Hex/Summ       #.......     100%        3    ####...
 Force Lance              Conj/Tloc      #.......     100%        4    #####..
 Fulminant Prism          Conj/Hex       #.........   100%        4    #####..
 Iskenderun's Mystic Bla  Conj           #.......     100%        4    #####..
 Petrify                  Tmut/Erth      #.......     100%        4    #####..
 Summon Ice Beast         Ice/Summ       #.......     100%        4    #####..
 Summon Lightning Spire   Summ/Air       #.......     100%        4    #####..
 Lee's Rapid Deconstruct  Erth           #.........   100%        5    ######.


Dungeon Overview and Level Annotations

Branches:
Dungeon (11/15)            Temple (0/1) D:4            Lair (6/6) D:9
  Swamp (0/4) Lair:3        Snake (0/4) Lair:2        Slime (0/5) Lair:5
    Orc: D:9-12

Altars:
Elyvilon
Fedhas
Makhleb
Okawaru
Ru
Sif Muna
Xom
Zin

Shops:
D:4 =   D:10 *

Annotations:
Lair:2 1 runed translucent door
Lair:6 3 runed translucent doors, Esekla's ghost, journeyman SpAK; PeterQ's ghost, journeyman VSFi; TheNamelessOne's ghost, journeyman OpAs; TheWoodenMan's ghost, journeyman MfGl


Innate Abilities, Weirdness & Mutations

You reflexively headbutt those who attack you in melee.
You have a pair of horns on your head.


Message History

* * * LOW HITPOINT WARNING * * *
You have turned to stone.
You are engulfed in calcifying dust.
The death yak gores you!!
* * * LOW HITPOINT WARNING * * *
The death yak is engulfed in calcifying dust.
The death yak gores you!
* * * LOW HITPOINT WARNING * * *
You are engulfed in calcifying dust.
The death yak gores you.
* * * LOW HITPOINT WARNING * * *
The death yak is engulfed in calcifying dust.
The death yak gores you!
* * * LOW HITPOINT WARNING * * *
You are engulfed in calcifying dust.
The death yak gores you!
* * * LOW HITPOINT WARNING * * *
The death yak is engulfed in calcifying dust.
The death yak gores you but does no damage.
You are engulfed in calcifying dust.
The death yak gores you but does no damage. x2
The death yak gores you!
You die...

##...÷.####........
#....##.#.........
##.P.#...........#
#...#.........###
#..##........## #
##..##P......##
#.♣.##......##
##Y†##.#.....#
###Y@######...##
###.TY## ##...# ###
###...§Y# #....#
..#######......##
##..##
#..........÷.P##
####
##..P.......P##
##P.♣.#######
######


You could see 4 death yaks and a deep troll shaman.

Vanquished Creatures
  Kirke (Lair:5)
  Josephine (Lair:6)
  Harold (D:9)
  Fannar (D:11)
  2 catoblepae
  3 hydras
  Erica (Lair:2)
  3 death yaks (Lair:5)
  A queen ant (Lair:2)
  A two-headed ogre (D:9)
  Nergalle (D:11)
  Pikel (D:7)
  An oklob plant (Lair:1)
  A cyclops (D:11)
  9 black mambas
  8 elephants (Lair:6)
  2 rust devils (D:8)
  3 centaur skeletons (D:11)
  A torpor snail (Lair:6)
  A gargoyle (D:11)
  11 spiny frogs
  4 rime drakes
  11 komodo dragons
  3 polar bears (Lair:6)
  3 trolls
  3 meliai (D:10)
  4 bog bodies (Lair:3)
  A hornet (D:10)
  10 hippogriffs
  A meliai zombie (D:11)
  7 dream sheep (Lair:6)
  15 blink frogs
  3 wraiths (Lair:6)
  4 hogs (Lair:5)
  23 yaks
  5 wyverns
  5 basilisks
  Edmund (D:6)
  A swamp worm (Lair:3)
  A naga (Lair:2)
  An acid dragon (D:11)
  15 soldier ants
  Duvessa (D:7)
  9 water moccasins
  7 porcupines
  5 ice beasts
  5 orc warriors
  3 slaves (D:7)
  5 black bears
  A necrophage (D:8)
  4 sky beasts
  18 wolves
  4 ogres
  8 centaurs
  6 crocodiles
  3 big kobolds
  21 bullfrogs
  Dowan (D:7)
  2 scorpions
  4 killer bees (D:9)
  A water moccasin skeleton (D:6)
  3 electric eels
  5 crimson imps
  A bullfrog zombie (D:5)
  3 howler monkeys (D:9)
  5 hounds
  A jelly (D:7)
  3 centaur zombies
  5 orc priests
  2 bullfrog skeletons
  8 orc wizards
  Jessica (D:2)
  4 iguanas
  33 worker ants
  2 hound skeletons
  5 gnolls
  11 adders
  A howler monkey skeleton (D:7)
  3 shadow imps
  5 oozes
  An adder skeleton (D:4)
  3 adder zombies
  4 worms
  5 dart slugs
  5 leopard geckos
  35 orcs
  4 giant cockroaches
  7 goblins
  12 hobgoblins
  16 jackals
  4 quokkas
  A ball python (D:2)
  9 bats
  6 frilled lizards
  A jackal skeleton (D:4)
  23 kobolds
  7 rats
  A fungus (Lair:6)
  A toadstool (D:4)
529 creatures vanquished.

Vanquished Creatures (others)
  2 bushes (Lair:6)
  38 fungi
  19 plants
  12 toadstools
  A withered plant (Lair:6)
72 creatures vanquished.

Grand Total: 601 creatures vanquished

Notes
Turn   | Place    | Note
-------+----------+-------------------------------------------
     0 | D:1      | Peloso the Minotaur Fighter began the quest for the Orb.
     0 | D:1      | Reached XP level 1. HP: 19/19 MP: 0/0
    30 | D:1      | Reached XP level 2. HP: 21/27 MP: 1/1
   268 | D:1      | Reached XP level 3. HP: 33/33 MP: 2/2
   432 | D:1      | Reached skill level 3 in Long Blades
   551 | D:2      | Noticed Jessica
   803 | D:2      | Killed Jessica
   803 | D:2      | Reached XP level 4. HP: 9/40 MP: 3/3
   827 | D:2      | Reached skill level 4 in Long Blades
  1238 | D:2      | Found a faded altar of an unknown god.
  1657 | D:2      | Reached XP level 5. HP: 25/47 MP: 4/4
  1848 | D:2      | HP: 3/70 [poisoned by a worker ant]
  1856 | D:2      | HP: 3/70 [poisoned by a worker ant]
  2256 | D:3      | Found a burning altar of Makhleb.
  2332 | D:3      | Reached skill level 1 in Dodging
  2441 | D:3      | Reached skill level 5 in Shields
  2796 | D:3      | Reached XP level 6. HP: 53/55 MP: 5/5
  3129 | D:2      | Found a shimmering altar of Xom.
  3129 | D:2      | Found a sacrificial altar of Ru.
  3132 | D:2      | Found an iron altar of Okawaru.
  3141 | D:2      | Became a worshipper of Warmaster Okawaru
  3359 | D:4      | Found a staircase to the Ecumenical Temple.
  3390 | D:4      | Found a blossoming altar of Fedhas.
  3624 | D:4      | Found Veujups's Jewellery Boutique.
  4004 | D:5      | Entered Level 5 of the Dungeon
  4035 | D:5      | Reached skill level 5 in Fighting
  4035 | D:5      | Reached skill level 5 in Long Blades
  4035 | D:5      | Reached skill level 5 in Armour
  4187 | D:5      | Found a shimmering blue altar of Sif Muna.
  4227 | D:5      | Noticed an ice beast
  4246 | D:5      | Killed an ice beast
  4246 | D:5      | Reached XP level 7. HP: 31/61 MP: 6/6
  4498 | D:5      | Reached skill level 1 in Stealth
  4562 | D:5      | Found a shimmering altar of Xom.
  4675 | D:5      | Reached * piety under Okawaru
  4675 | D:5      | Reached skill level 6 in Long Blades
  4901 | D:5      | Found a glowing silver altar of Zin.
  5257 | D:6      | Reached XP level 8. HP: 66/69 MP: 7/7
  5378 | D:6      | Noticed Edmund
  5396 | D:6      | Killed Edmund
  5396 | D:6      | Reached skill level 7 in Long Blades
  5483 | D:6      | Reached ** piety under Okawaru
  5809 | D:7      | Noticed Dowan
  5811 | D:7      | Noticed Duvessa
  5914 | D:7      | Killed Duvessa
  5924 | D:7      | Killed Dowan
  5924 | D:7      | Reached skill level 8 in Long Blades
  6676 | D:7      | Reached XP level 9. HP: 64/78 MP: 8/8
  6700 | D:7      | Reached *** piety under Okawaru
  7180 | D:8      | Found a white marble altar of Elyvilon.
  7434 | D:7      | Noticed a rust devil
  7434 | D:7      | Noticed a rust devil
  7494 | D:8      | Reached skill level 9 in Long Blades
  7890 | D:9      | Reached **** piety under Okawaru
  7946 | D:9      | Reached skill level 10 in Long Blades
  7984 | D:9      | Noticed a troll
  8121 | D:9      | Found a staircase to the Lair.
  8164 | D:9      | Reached XP level 10. HP: 85/85 MP: 9/9
  8172 | D:9      | Noticed a two-headed ogre
  8184 | D:9      | Killed a two-headed ogre
  9255 | D:9      | Reached skill level 10 in Armour
  9715 | D:9      | Noticed Harold
  9999 | D:9      | Paralysed by Harold for 3 turns
 10007 | D:9      | Killed Harold
 10007 | D:9      | Reached ***** piety under Okawaru
 10007 | D:9      | Reached skill level 11 in Long Blades
 10007 | D:9      | Reached skill level 10 in Shields
 10346 | D:10     | Entered Level 10 of the Dungeon
 10381 | D:10     | Found Suczig's General Store.
 10394 | D:10     | Reached skill level 1 in Invocations
 11064 | D:4      | Bought the ring "Inuas" {MR+ Str+4 Dex+4} for 536 gold
                  | pieces
 11145 | D:7      | Noticed Pikel
 11161 | D:7      | Killed Pikel
 11347 | D:10     | Reached XP level 11. HP: 95/95 MP: 10/10
 11850 | Lair:1   | Entered Level 1 of the Lair of Beasts
 12380 | Lair:1   | Noticed an oklob plant
 12400 | Lair:1   | Killed an oklob plant
 12400 | Lair:1   | Reached skill level 12 in Long Blades
 12403 | Lair:1   | Received a gift from Okawaru
 12802 | Lair:1   | Noticed an eight-headed hydra
 12926 | D:11     | Noticed Fannar
 13519 | D:11     | Killed Fannar
 14282 | D:11     | Got a smoking great sword
 14436 | D:11     | Noticed Nergalle
 14463 | D:11     | Killed Nergalle
 14463 | D:11     | Reached XP level 12. HP: 103/106 MP: 5/12
 14890 | D:11     | Reached skill level 13 in Long Blades
 15739 | D:7      | Got an ancient scimitar
 15740 | D:7      | Identified the +5 scimitar of the Foot {freeze, rElec MR+
                  | Str-4 Int+3} (You found it on level 7 of the Dungeon)
 16819 | Lair:1   | Killed an eight-headed hydra
 16936 | Lair:2   | Reached skill level 10 in Fighting
 17297 | Lair:2   | Noticed Erica
 17303 | Lair:2   | Killed Erica
 17303 | Lair:2   | Received a gift from Okawaru
 17307 | Lair:2   | Got an ivory double sword {god gift}
 17308 | Lair:2   | Identified the +6 double sword of Valiance {freeze, *Contam
                  | Int+6 Dex+8 Stlth-} (Okawaru gifted it to you on level 2 of
                  | the Lair of Beasts)
 17370 | Lair:2   | Noticed a queen ant
 17371 | Lair:2   | Reached skill level 1 in Maces & Flails
 17394 | Lair:2   | Killed a queen ant
 17974 | Lair:2   | Found a staircase to the Snake Pit.
 18116 | Lair:2   | Reached skill level 14 in Long Blades
 18239 | Lair:2   | Noticed a dire elephant
 18259 | Lair:2   | Found a runed translucent door.
 18699 | Lair:3   | Found a staircase to the Swamp.
 18709 | Lair:3   | Reached ****** piety under Okawaru
 19351 | Lair:3   | Reached XP level 13. HP: 114/114 MP: 13/13
 19756 | Lair:4   | Received a gift from Okawaru
 20220 | Lair:4   | Reached skill level 15 in Long Blades
 20374 | Lair:5   | Found a staircase to the Slime Pits.
 20498 | Lair:5   | Received a gift from Okawaru
 21252 | Lair:5   | Noticed Kirke
 21299 | Lair:5   | Killed Kirke
 21888 | Lair:6   | Entered Level 6 of the Lair of Beasts
 21893 | Lair:6   | Received a gift from Okawaru
 21914 | Lair:6   | Found a runed translucent gate.
 21914 | Lair:6   | Found a runed translucent gate.
 21915 | Lair:6   | Found a runed translucent gate.
 21926 | Lair:6   | Noticed Esekla's ghost (journeyman SpAK)
 21926 | Lair:6   | Noticed PeterQ's ghost (journeyman VSFi)
 21929 | Lair:6   | Noticed TheNamelessOne's ghost (journeyman OpAs)
 22668 | Lair:6   | Reached XP level 14. HP: 115/124 MP: 15/15
 22678 | Lair:6   | Reached skill level 15 in Shields
 22804 | Lair:6   | Reached skill level 16 in Long Blades
 22820 | Lair:6   | Noticed Josephine
 22832 | Lair:6   | Killed Josephine
 23502 | Lair:6   | Received a gift from Okawaru
 23677 | Lair:6   | Noticed TheWoodenMan's ghost (journeyman MfGl)
 24079 | Lair:6   | HP: 4/126 [death yak (4)]
 24081 | Lair:6   | Slain by a death yak

Levels and vault maps discovered:
D:1:      ncdulo_lavacross, layout_rooms
D:2:      layout_loops_cross, nicolae_overflow_hidden_temple,
          chequers_ecumenical_altar_island, uniq_jessica
D:3:      layout_rooms, marbit_many_paths, first_ration
D:4:      layout_basic, nicolae_overflow_crystal_walls,
          minmay_temple_entry_crystal_x, serial_shops, nicolae_shop_waterfront,
          minmay_gold_behind_fungi
D:5:      layout_loops_ring, lemuel_blue_sif_altar,
          lemuel_coloured_pillars_altar, xom_teletrap_fun
D:6:      layout_loops_cross, uniq_edmund
D:7:      cheibrodos_iron_armory, layout_cave_pods, uniq_pikel, uniq_duvessa
D:8:      layout_basic, hangedman_pestilent_swarm, elyvilon_altar_5
D:9:      layout_long_grid, due_lair_maze_entry_diamond, serial_bayou,
          serial_bayou_shore_a, serial_bayou_pond_e, serial_bayou_pond_d,
          serial_bayou_pond_a, serial_bayou_pond_b, uniq_harold
D:10:     layout_roguey, serial_shops, shop
D:11:     layout_layer_cave, uniq_nergalle, uniq_fannar
Lair:1:   layout_layer_cave, grunt_megastairs_2, minmay_lair_oklob_chamber,
          infiniplex_staircase_pool
Lair:2:   gammafunk_lair_enchanted_lake, layout_long_grid,
          guppyfry_snake_entry_island, zaba_anthell, uniq_erica
Lair:3:   layout_long_grid, nicolae_swamp_entry_splash_gauntlet
Lair:4:   layout_misc_corridors, nicolae_quartered_pool_medium, st_stairs_6
Lair:5:   beast_lair_carwin_large_2, layout_cave_pods, slime_dummy,
          chequers_serial_rivers_micro_c, serial_bayou_pond_c, uniq_kirke
Lair:6:   grunt_lair_end_beastmaster, layout_cave_pods,
          gammafunk_ghost_cemetery, grunt_megastairs_5, lemuel_fruit_tree,
          uniq_josephine

Skill      XL: |  1  2  3  4  5  6  7  8  9 10 11 12 13 14 |
---------------+-------------------------------------------+-----
Fighting       | 4 5 6 7 8 9 10 11 12 | 12.1
Armour         | 4 5 6 7 9 10 12 14 | 14.3
Shields        | 4 5 6 7 9 10 12 13 14 15 | 15.5
Long Blades    | 3 4 5 6 8 10 11 12 14 15 16 | 16.5
Dodging        | 1 2 3 |  3.0
Stealth        | 1 |  1.3
Invocations    | 1 2 3 |  3.1
Maces & Flails | 1 |  1.5

Action                   |  1- 3 |  4- 6 |  7- 9 | 10-12 | 13-15 || total
-------------------------+-------+-------+-------+-------+-------++-------
Melee: Long sword        |    75 |   209 |   422 |   600 |       ||  1306
       Headbutt          |    11 |    42 |   100 |   270 |   154 ||   577
       Unarmed           |     5 |       |       |       |       ||     5
       Double sword      |       |       |       |   140 |   368 ||   508
       Scimitar          |       |       |       |    48 |       ||    48
       Whip              |       |       |       |     9 |       ||     9
Invok: Heroism           |       |       |     2 |    18 |     4 ||    24
       Finesse           |       |       |       |     1 |     2 ||     3
Evoke: Wand              |       |       |       |       |     1 ||     1
  Use: Potion            |     2 |     1 |     2 |     3 |     2 ||    10
       Scroll            |       |     2 |    10 |     8 |     1 ||    21
  Eat: Chunk             |       |     7 |    14 |    25 |    15 ||    61
       Ration            |       |     1 |       |     3 |       ||     4
Armor: Scale mail        |    39 |    71 |       |       |       ||   110
       Skin              |       |     1 |       |       |       ||     1
       Chain mail        |       |    18 |   106 |       |       ||   124
       Plate armour      |       |       |    88 |   275 |   145 ||   508
Dodge: Dodged            |    40 |    69 |   102 |   189 |   119 ||   519
       Deflected         |       |       |       |     7 |     1 ||     8
Block: Shield            |    55 |   138 |   228 |   576 |   312 ||  1309
       Rpst.: Long sword |     7 |    21 |    32 |    31 |       ||    91
       Double sword      |       |       |       |    14 |    35 ||    49
       Scimitar          |       |       |       |     1 |       ||     1

Table legend:
 A = Non-vault XP
 B = Vault XP
 C = Vault XP percentage of total XP
 D = Non-vault monster count
 E = Vault monster count
 F = Vault count percentage of total count
                 A         B        C        D         E       F
            +---------+---------+-------+---------+---------+-------
      Total |   51781 |   26383 |  33.8 |     413 |     111 |  21.2
            +---------+---------+-------+---------+---------+-------
        D:1 |      62 |       0 |   0.0 |      26 |       0 |   0.0
        D:2 |     145 |      37 |  20.3 |      32 |       1 |   3.0
        D:3 |     166 |       2 |   1.2 |      33 |       1 |   2.9
        D:4 |      83 |       0 |   0.0 |      12 |       0 |   0.0
        D:5 |     763 |       0 |   0.0 |      17 |       0 |   0.0
        D:6 |     247 |     173 |  41.2 |      14 |       1 |   6.7
        D:7 |     966 |    1028 |  51.6 |      20 |       4 |  16.7
        D:8 |    1077 |    1374 |  56.1 |      21 |       7 |  25.0
        D:9 |    2921 |    2014 |  40.8 |      37 |      12 |  24.5
       D:10 |    2517 |       0 |   0.0 |      24 |       0 |   0.0
       D:11 |    6503 |    1769 |  21.4 |      45 |       2 |   4.3
     Lair:1 |    3198 |    1899 |  37.3 |      13 |       6 |  31.6
     Lair:2 |    1300 |    5770 |  81.6 |       6 |      43 |  87.8
     Lair:3 |    3831 |    1282 |  25.1 |      13 |       6 |  31.6
     Lair:4 |    5307 |       0 |   0.0 |      23 |       0 |   0.0
     Lair:5 |    9608 |    5318 |  35.6 |      37 |      11 |  22.9
     Lair:6 |   13087 |    5717 |  30.4 |      40 |      17 |  29.8
            +---------+---------+-------+---------+---------+-------
